 Dungeon Crawl Stone Soup version 0.21-a0-258-g4c0eb85 (webtiles) character file.

18 Blomdor the Magician (level 2, -2/22 HPs)
             Began as a Barachi Wizard on Sept 6, 2017.
             Slain by a gnoll
             ... wielding a +0 whip
              (3 damage)
             ... on level 2 of the Dungeon.
             The game lasted 00:01:50 (1418 turns).

Blomdor the Magician (Barachi Wizard)               Turns: 1418, Time: 00:01:51

Health: -2/22      AC:  2    Str:  8    XL:     2   Next: 70%
Magic:  6/6        EV: 12    Int: 23    God:
Gold:   60         SH:  0    Dex: 10    Spells: 6/7 levels left

rFire    . . .     SeeInvis .   h - +0 hand axe
rCold    + . .     Gourm    .   (no shield)
rNeg     . . .     Faith    .   a - +0 robe
rPois    .         Spirit   .   b - +0 hat
rElec    .         Reflect  .   (no cloak)
rCorr    .         Harm     .   (no gloves)
MR       .....                  (no boots)
Stlth    +++.......             (no amulet)
HPRegen  0.07/turn              l - ring of protection from cold
MPRegen  0.10/turn              i - ring of stealth

@: brilliant, flying, slow
A: +LOS, swims, slowness 1, strong legs 1
a: Hop


You were on level 2 of the Dungeon.
You were not hungry.

You visited 1 branch of the dungeon, and saw 2 of its levels.

You collected 60 gold pieces.

Inventory:

Hand Weapons
 h - a +0 hand axe (weapon)
Armour
 a - a +0 robe (worn)
 b - a +0 hat (worn)
Jewellery
 i - a ring of stealth (right hand)
 l - a ring of protection from cold (left hand)
Scrolls
 g - a scroll of recharging {unknown}
 n - a scroll of immolation
Potions
 f - 3 potions of flight
Books
 c - a book of Minor Magic

   Spells                             Type                      Level
   a - Magic Dart                     Conjuration                  1
   b - Blink                          Translocation                2
   c - Call Imp                       Summoning                    2
   d - Slow                           Hexes                        2
   e - Conjure Flame                  Conjuration/Fire             3
   f - Mephitic Cloud                 Conjuration/Poison/Air       3
Comestibles
 d - a bread ration
 j - 3 meat rations
 k - 4 fruits
 m - a chunk of flesh


   Skills:
 - Level 2.3 Fighting
 * Level 1.0 Axes
 - Level 2.1 Dodging
 - Level 1.7 Stealth
 - Level 3.2 Spellcasting
 - Level 1.1 Conjurations
   Level 1.2 Summonings
   Level 1.1 Translocations


You had 6 spell levels left.
You knew the following spells:

 Your Spells              Type           Power        Failure   Level  Hunger
a - Magic Dart            Conj           ###.         1%          1    None


Dungeon Overview and Level Annotations

Branches:
Dungeon (2/15)

Altars:


Innate Abilities, Weirdness & Mutations

Shadows flee at your approach. (+LOS)
You can swim through water.
You cover ground slowly.
You can hop short distances.


Message History

The gnoll shouts! x2
You hit the gnoll but do no damage. The gnoll barely misses you.
A ball python comes into view.
You barely miss the gnoll.
The ball python hisses angrily.
The ball python moves out of view.
The gnoll hits you with a whip. The gnoll closely misses you.
You closely miss the gnoll. The gnoll hits you with a whip.
You hit the gnoll but do no damage. The gnoll hits you with a whip.
* * * LOW HITPOINT WARNING * * *
You barely miss the gnoll. The gnoll hits you with a whip.
* * * LOW HITPOINT WARNING * * *
You hit the gnoll.
The gnoll is moderately wounded.
The gnoll hits you with a whip.
* * * LOW HITPOINT WARNING * * *
You barely miss the gnoll.
The gnoll is moderately wounded.
The gnoll hits you with a whip.
You die...

######.###........#
#....##..##>.....#####.#.
..##.###.##...##.........
.###...#......#..####...#
.....#......#.#.##
.#.#.......##...#
......##........#
.#.#..###.#.##(#####
......# #.#.##.(@gl#
..#...# #.#....###g#
####### #.....## #.K# #
#....#.. ##.g# #...#.##
.... #..##. #l##. .. ..
.. . #.. .# ##. #


You could see 3 gnolls, a leopard gecko and a kobold.

Vanquished Creatures
  An ooze (D:1)
  2 giant cockroaches (D:2)
  A goblin (D:1)
  A hobgoblin (D:2)
  2 ball pythons
  A bat (D:1)
  4 frilled lizards
  2 kobolds (D:1)
  3 rats (D:1)
17 creatures vanquished.

Vanquished Creatures (others)
  2 draconians (D:1)
  A vine stalker (D:1)
  A troll (D:1)
  2 nagas (D:1)
  An ogre (D:1)
  A mummy (D:1)
  An orc (D:1)
  3 kobolds (D:1)
  4 tentacles (D:1)
16 creatures vanquished.

Grand Total: 33 creatures vanquished

Notes
Turn   | Place    | Note
-------+----------+-------------------------------------------
     0 | D:1      | Blomdor the Barachi Wizard began the quest for the Orb.
     0 | D:1      | Reached XP level 1. HP: 13/13 MP: 4/4
     0 | D:1      | Noticed a naga
     0 | D:1      | Noticed a vine stalker
     0 | D:1      | Noticed a draconian
     0 | D:1      | Noticed a troll
     0 | D:1      | Noticed a kraken
     0 | D:1      | Noticed a naga
     0 | D:1      | Noticed an ogre
     0 | D:1      | Noticed a draconian
     4 | D:1      | Killed a troll
     4 | D:1      | Killed an ogre
     4 | D:1      | Killed a naga
     6 | D:1      | Killed a naga
     6 | D:1      | Killed a vine stalker
     9 | D:1      | Killed a draconian
    10 | D:1      | Killed a draconian
    84 | D:1      | Reached skill level 1 in Fighting
   555 | D:1      | Reached XP level 2. HP: 10/22 MP: 6/6
  1311 | D:2      | Reached skill level 1 in Axes
  1417 | D:2      | HP: 1/22 [gnoll/whip (3)]
  1418 | D:2      | Slain by a gnoll

Vault maps used:
D:1:      nicolae_arrival_kraken_aquarium_a
D:2:      serial_glass, glass_columns_a, glass_columns_b

Skill      XL: |  1  2 |
---------------+-------+-----
Fighting       | 2 |  2.3
Axes           | 1 |  1.0
Dodging        | |  2.1
Stealth        | |  1.7
Spellcasting   | |  3.2
Conjurations   | |  1.1
Summonings     | |  1.2
Translocations | |  1.1

Action                   || total
-------------------------++-------
Melee: Whip              ||    33
       Hand axe          ||    55
 Cast: Magic Dart        ||     1
  Use: Potion            ||     3
       Scroll            ||     2
 Stab: Sleeping          ||     3
  Eat: Chunk             ||     2
Armor: Robe              ||    19
Dodge: Dodged            ||    69

Table legend:
 A = Spawn XP
 B = Non-spawn XP
 C = Spawn XP percentage of total XP
 D = Spawn monster count
 E = Non-spawn monster count
 F = Spawn count percentage of total count
 G = Total turns spent on level
                    A         B        C        D         E        F      G
               +---------+---------+-------+---------+---------+-------+---------
         Total |       0 |      27 |   0.0 |       0 |      17 |   0.0 |  1418
               +---------+---------+-------+---------+---------+-------+---------
           D:1 |       0 |      17 |   0.0 |       0 |      11 |   0.0 |  1137
           D:2 |       0 |      10 |   0.0 |       0 |       6 |   0.0 |   281
               +---------+---------+-------+---------+---------+-------+---------
